amy, neutral female human Ranger --------- ........| |.......| ......<.| |.......| ----|---- # # -------- # |......| # |......| e@########## |......| -.----|- #-......| |......| ###|....--- |......| # |....| |......-### ------ -------- amy the Trailblazer Experience level: 6 Strength: 16 Dexterity: 9 Constitution: 14 Intelligence: 14 Wisdom: 15 Charisma: 8 Health: 0(37) Energy: 27(27) Def: 13 Gold: 674 Moves: 2949 Dungeon seed: 4uM1bzEiuoNR98HL Game ID: amy_1469576831 Your Inventory: Coins $ - 674 gold pieces Amulets D - an uncursed amulet versus poison (being worn) Weapons a - an uncursed +1 dagger b - an uncursed +2 bow (weapon in hand) c - 57 uncursed +2 arrows d - 28 blessed +0 arrows (in quiver) K - 50 uncursed +0 arrows S - 7 uncursed poisoned +0 orcish arrows Armor e - an uncursed +2 cloak of displacement (being worn) n - an uncursed +0 dwarvish iron helm (being worn) q - an uncursed +0 pair of iron shoes (being worn) r - an uncursed +0 dwarvish mithril-coat (being worn) z - a cursed -1 pair of fumble boots Comestibles f - 5 uncursed cram rations k - 4 uncursed food rations o - an uncursed melon w - an uncursed sprig of wolfsbane Scrolls s - an uncursed scroll of enchant weapon named ok y - an uncursed scroll of teleportation E - an uncursed scroll of identify H - an uncursed scroll of scare monster Y - 2 uncursed scrolls of blank paper Potions h - an uncursed potion of gain ability i - an uncursed potion of hallucination u - an uncursed potion of gain level A - an uncursed potion of monster detection G - an uncursed potion of blindness Rings l - an uncursed ring of slow digestion (on left hand) Wands g - an uncursed wand of slow monster (0:3) Tools v - 4 uncursed wax candles (0:400) I - 7 blessed tallow candles (0:200) L - an uncursed oil lamp (0:1250) W - an uncursed magic whistle Spells and supernatural/magical abilities: Name Level Category Fail Memory W - pray for help -- divine ? -- Your skills at the end: Miscellaneous Skills wands [Basic] Weapon Skills dagger [Basic] bow [Skilled] Spellcasting Skills Final Attributes: You were fervently aligned. You were poison resistant. You had automatic searching. You were displaced. You had slower digestion. You are dead. Vanquished creatures: 3 Uruk-hai a rock mole 4 gnome lords 2 gnomish wizards a paper golem 2 giant ants a little dog 6 dwarves 2 rothes a giant bat a werejackal a coyote a gas spore 2 hobbits a gecko 2 giant rats 2 cave spiders 13 gnomes 5 garter snakes 5 jackals 2 foxes a kobold 6 newts 3 grid bugs 2 lichens 2 kobold zombies 72 creatures vanquished. Voluntary challenges: You used a wielded weapon 39 times, starting on turn 28. You did not apply a unicorn horn. You were illiterate. You never genocided any monsters. You never polymorphed an object. You never changed form. You used no wishes. You never split a pudding. You never wrote Elbereth's name. You violated your moral code, losing 2 points of alignment, starting on turn 1185. Dungeon overview: The Dungeons of Doom: levels 1 to 5 Level 1 a sink a long staircase Level 2 an armor shop stairs to The Gnomish Mines Level 3 an altar to Mars, a sink Level 4 a fountain Level 5 <- You were here The Gnomish Mines: levels 3 to 5 Level 3 stairs to The Dungeons of Doom Level 4 Level 5 some shops, a temple to Venus, a magic chest, some fountains History has recorded: On T:1 you entered the Dungeons of Doom to retrieve the Amulet of Yendor! On T:318 you reached level 2 of The Dungeons of Doom. On T:454 you reached level 1 of The Gnomish Mines. On T:458 you advanced to experience level 2. On T:498 you advanced to experience level 3. On T:541 you reached level 2 of The Gnomish Mines. On T:542 you advanced to experience level 4. On T:593 you advanced to experience level 5. On T:993 you reached level 3 of The Gnomish Mines. On T:1210 you entered the Minetown temple On T:1324 you advanced to experience level 6. On T:1464 you opened a magic chest. On T:1466 you opened a magic chest. On T:1467 you opened a magic chest. On T:2067 you reached level 3 of The Dungeons of Doom. On T:2443 you reached level 4 of The Dungeons of Doom. On T:2819 you reached level 5 of The Dungeons of Doom. Score breakdown: Gold: 674 ( 67 points) Experience: 6 levels ( 500 points) Exploration: 5 levels ( 120 points) Discoveries: 8 items ( 400 points) Variety of kills: 26 monsters ( 1300 points) Major goal: reached Minetown ( 500 points) Survival: died (score multiplied by 3) Total score: 8661 Latest messages: The cave spider bites! You hit the cave spider. The cave spider bites! There is nothing here to pick up. You shoot 3 arrows. The 1st arrow hits something! You kill the cave spider! There are a few objects here. d - a blessed +0 arrow (in quiver). You have a little trouble lifting h - a white potion. Your movements are slowed slightly because of your load. You see here 2 blessed +0 arrows. The housecat eats a cave spider corpse. You have a little trouble lifting d - 2 blessed +0 arrows (in quiver). You see here a purple-red potion. You have a little trouble lifting i - a purple-red potion. The door opens. You hit the floating eye. As you meet its deep, meaningful gaze, you feel its suffering as though it were your own. You hit the floating eye. As you meet its deep, meaningful gaze, you feel its suffering as though it were your own. You hear the howling of the CwnAnnwn... You hit the floating eye. As you meet its deep, meaningful gaze, you feel its suffering as though it were your own. You die... Final status: Goodbye amy the Ranger, killed by vicarious suffering... You died in The Dungeons of Doom on dungeon level 5 with 8661 points, and 674 pieces of gold, after 2949 moves. You were level 6 with a maximum of 37 hit points when you died.